 Dungeon Sprint DCSS version 0.28-a0-1510-gd0f6b136d3 (webtiles) character file.

Game seed: 11280404662456588119

38 mhtbhm the Cutter (level 3, -1/26 HPs)
             Began as a Kobold Berserker on Jan 15, 2022.
             Was a Priest of Trog.
             Slain by a black bear (10 damage)
             ... in the Dungeon (Sprint IX: "|||||||||||||||||||||||||||||").
             The game lasted 00:00:19 (80 turns).

mhtbhm the Cutter (Kobold Berserker)                  Turns: 80, Time: 00:00:19

Health: -1/26      AC:  2    Str: 16    XL:     3   Next: 65%
Magic:  3/3        EV: 15    Int:  8    God:    Trog [***...]
Gold:   0          SH:  0    Dex: 14    Spells: 2/2 levels left

rFire   . . .      SeeInvis .   a - +0 short sword
rCold   . . .      Faith    .   (no shield)
rNeg    . . .      Spirit   .   b - +0 animal skin
rPois   .          Reflect  .   (no helmet)
rElec   .          Harm     .   (no cloak)
rCorr   .          Rampage  .   (no gloves)
Will    .....      NoTele   +   (no boots)
Stlth   +++.......              (no amulet)
HPRegen 0.08/turn               (no ring)
MPRegen 0.08/turn               (no ring)

@: on berserk cooldown, slowed, very slow
A: small, no large weapons, nightstalker 3
a: Renounce Religion, Berserk, Trog's Hand


You were in the Dungeon.
You worshipped Trog.
Trog was most pleased with you.
You visited 1 branch

Inventory:

Hand Weapons
 a - a +0 short sword (weapon)
Armour
 b - a +0 animal skin (worn)
Scrolls
 h - a scroll of blinking
Potions
 c - a potion of curing
 e - a potion of haste
 f - 2 potions of magic
 g - a potion of berserk rage


   Skills:
 + Level 5.1 Fighting
 + Level 6.7 Short Blades
 + Level 2.2 Armour
 + Level 3.1 Dodging
 + Level 3.0 Stealth


You had 2 spell levels left.
You didn't know any spells.
Your spell library was empty.

Dungeon Overview and Level Annotations

Branches:
Dungeon (1/1)

Altars:


Innate Abilities, Weirdness & Mutations

You are small and have problems with some larger weapons.
You are completely attuned to the shadows.


Message History

The black bear barely misses you. The black bear misses you. x2
You hit the black bear.
The black bear is heavily wounded.
The black bear misses you. The black bear closely misses you.
The black bear misses you.
You hit the black bear but do no damage.
The black bear is heavily wounded.
The black bear bites you. The black bear claws you. x2
You closely miss the black bear.
The black bear is heavily wounded.
The black bear barely misses you. The black bear claws you.
The black bear closely misses you.
You closely miss the black bear.
The black bear is heavily wounded.
The black bear completely misses you. The black bear claws you. x2
You barely miss the black bear.
The black bear is heavily wounded.
The black bear bites you but does no damage.
The black bear claws you.
* * * LOW HITPOINT WARNING * * *
The black bear claws you.
* * * LOW HITPOINT WARNING * * *
Your magic is already full.
You feel much better. The black bear bites you! The black bear misses you. x3
The black bear claws you. The black bear misses you.
You hit the black bear.
The black bear is severely wounded.
The black bear bites you but does no damage.
The black bear claws you but does no damage.
The black bear misses you.
You barely miss the black bear.
The black bear is severely wounded.
The black bear bites you. The black bear barely misses you. x2
You hit the black bear.
The black bear is almost dead.
The black bear goes berserk!
You hit the black bear.
The black bear is almost dead.
The black bear bites you!
You die...

▓.▓
▓'▓
▓)▓
▓.▓
▓.▓
▓.▓
▓.▓
▓)▓
▓@▓
▓h▓
▓.▓
▓.▓
▓.▓


You could see a black bear (berserk).

Vanquished Creatures
  An orc wizard (D)
  An adder skeleton (D)
  2 orcs (D)
  2 bats (D)
  An endoplasm (D)
  A jackal (D)
  A kobold (D)
9 creatures vanquished.

Notes
Turn   | Place    | Note
-------+----------+-------------------------------------------
     0 | D        | mhtbhm the Kobold Berserker began the quest for the Orb.
     0 | D        | Reached XP level 1. HP: 14/14 MP: 1/1
    13 | D        | Reached ** piety under Trog
    19 | D        | Reached skill level 1 in Stealth
    22 | D        | Reached skill level 5 in Short Blades
    22 | D        | Reached XP level 2. HP: 18/20 MP: 2/2
    51 | D        | Reached *** piety under Trog
    52 | D        | Noticed a black bear
    58 | D        | Reached skill level 5 in Fighting
    58 | D        | Reached skill level 6 in Short Blades
    58 | D        | Reached XP level 3. HP: 26/26 MP: 3/3
    80 | D        | Slain by a black bear

Illustrated notes

Levels and vault maps discovered:
D:        linesprint [early_d, line_temple, items_1, d_10, items_2, lair_1,
          lair_end, items_3, orc_1, orc_end, items_4, d_15, swamp_1, shoals_1,
          snake_1, spider_1, d_20, vaults_1, items_5, swamp_end, shoals_end,
          snake_end, spider_end, vaults_end, d_27, items_6, zot_1, zot_end,
          crypt_end, forest_end, elf_end, slime_end, tomb_end, abyss_end,
          pan_hell_end]

Skill      XL: |  1  2  3 |
---------------+----------+-----
Stealth        | 1 2 3 |  3.0
Fighting       | 4 5 |  5.1
Short Blades   | 5 6 |  6.7
Armour         | 2 |  2.2
Dodging        | 3 |  3.1

Action                   || total
-------------------------++-------
Melee: Short sword       ||    41
Invok: Berserk           ||     1
  Use: Potion            ||     1
 Stab: Sleeping          ||     3
Armor: Animal skin       ||     9
Dodge: Dodged            ||    34

Table legend: (Time is in decaauts)
 A = Elapsed time spent in this place.
 B = Non-inter-level travel time spent in this place.
 C = Inter-level travel time spent in this place.
 D = Time resting spent in this place.
 E = Time spent auto-exploring this place.
 F = Levels seen in this place.
 G = Mean time per level.
                   A        B        C        D        E       F      G
               +--------+--------+--------+--------+--------+-----+--------+
         Total |     75 |     75 |      0 |     23 |      1 |   1 |   75.0 |
       Dungeon |     75 |     75 |      0 |     23 |      1 |   1 |   75.0 |
               +--------+--------+--------+--------+--------+-----+--------+

Top non-repeatable levels by time:
       D: 75 daAuts
